[Event "January 9 Early 2024"]
[Site "https://www.chess.com"]
[Date "2024.01.11"]
[Round "7"]
[White "Pichot, Alan"]
[Black "Vokhidov, Shamsiddin"]
[Result "1/2-1/2"]
[Board "254"]
[TimeControl "180+1"]
[WhiteFideId "110973"]
[BlackFideId "14204223"]
[WhiteElo "2834"]
[BlackElo "2994"]
[WhiteTeam "ESP"]
[BlackTeam "UZB"]
[WhiteClock "0:00:05"]
[BlackClock "0:00:06"]

1. e4 c5 2. Nf3 e6 3. d4 cxd4 4. Nxd4 Nc6 5. Nc3 Qc7 6. Be2 Nf6 7. O-O a6 8. Kh1 Bc5 9. Be3 d6 10. Qd2 Nxd4 11. Bxd4 Bxd4 12. Qxd4 e5 13. Qd2 Be6 14. Rad1 Rd8 15. f4 O-O 16. Qe3 exf4 17. Qxf4 b5 18. a3 Qc5 19. Rd2 Qe5 20. Qh4 Rc8 21. Bf3 a5 22. Qg3 Qxg3 23. hxg3 b4 24. axb4 axb4 25. Ne2 Nd7 26. Nd4 Ne5 27. b3 Bd7 28. Rfd1 Rc3 29. Kg1 Rfc8 30. Kf2 g6 31. Ra1 h5 32. Ra6 Bc6 33. Rb6 g5 34. Rxb4 g4 35. Be2 Bxe4 36. Nb5 Rxc2 37. Rxc2 Bxc2 38. Nxd6 Rc3 39. Rb5 f6 40. b4 Bb3 41. Rc5 Rxc5 42. bxc5 Bd5 43. Nf5 Kf7 44. Ne3 Be4 45. Bb5 Ke7 46. Ke2 f5 47. Kd2 h4 48. gxh4 f4 49. Bf1 fxe3+ 50. Kxe3 Bf5 51. Kf4 Kf6 52. g3 Ng6+ 53. Ke3 Ke5 54. Bd3 Ne7 55. Bc4 Be4 56. Bb3 Nf5+ 57. Kf2 Nd4 58. Bd1 Bf5 59. Ba4 Kd5 60. Ke3 Ke5 61. c6 Ne6 62. Bb3 Nc7 63. Bc4 Be4 64. Be2 Bf5 65. h5 Nd5+ 66. Kd2 Nf6 67. h6 Ng8 68. Bxg4 Nxh6 69. Bxf5 Nxf5 70. c7 Ne7 71. Ke3 Kd6 72. g4 Kxc7 73. g5 Kd6 74. g6 Nxg6 1/2-1/2

[Event "January 9 Early 2024"]
[Site "https://www.chess.com"]
[Date "2024.01.11"]
[Round "7"]
[White "Yuan, Qingyu"]
[Black "Salman, Ilhan Serhat"]
[Result "1-0"]
[Board "255"]
[TimeControl "180+1"]
[WhiteFideId "8609772"]
[BlackFideId "6361579"]
[WhiteElo "2749"]
[BlackElo "2497"]
[WhiteTeam "CHN"]
[BlackTeam "TUR"]
[WhiteClock "0:00:21"]
[BlackClock "0:00:14"]

1. c4 a6 2. d4 b5 3. b3 g6 4. Nf3 Bg7 5. e3 bxc4 6. Bxc4 c5 7. Bb2 cxd4 8. Bxd4 Nf6 9. O-O O-O 10. Qe2 Nc6 11. Bb2 d5 12. Rd1 Bb7 13. Nc3 e6 14. Na4 Qc7 15. Bd3 e5 16. Bc2 Rac8 17. Rac1 Rfe8 18. Bb1 Qe7 19. Nc5 a5 20. Qb5 Ba8 21. Na4 Rb8 22. Qa6 Bb7 23. Qe2 Red8 24. h3 Ba8 25. Qa6 Bb7 26. Qe2 Ba8 27. Rd2 Ne4 28. Rdc2 Nb4 29. Rc7 Rd7 30. Rxd7 Qxd7 31. Nxe5 Qe8 32. Nf3 Bc6 33. Bxg7 Kxg7 34. Qb2+ Kg8 35. Nc3 Bb7 36. Ne2 Qe7 37. Nf4 Rd8 38. Qd4 Nc6 39. Qb6 Ba8 40. Rxc6 Bxc6 41. Qxc6 Qb4 42. Nxd5 Rxd5 43. Qxd5 Nc3 44. Qd3 Kg7 45. Bc2 Nxa2 46. Qd4+ Qxd4 47. Nxd4 Nb4 48. Be4 Kf6 49. h4 Kg7 50. g3 f6 51. Kf1 f5 52. Bb1 Na6 53. Kg1 Nc5 54. Kg2 Kf6 55. Kf1 a4 56. bxa4 Nxa4 57. Ke1 Nc3 58. Bc2 Nd5 59. Kd2 h5 60. Ne2 g5 61. hxg5+ Kxg5 62. Nf4 Nf6 63. Ne6+ Kg6 64. Nd4 Kg5 65. Bxf5 h4 66. gxh4+ Kxh4 67. Ke2 Kg5 68. f4+ Kh5 69. Kf3 Kh4 70. e4 Nh5 71. e5 Ng7 72. Bg4 Ne6 73. Bxe6 Kh5 74. f5 Kg5 75. Ke4 Kh6 76. Kd5 Kg7 77. Kd6 Kf8 78. Nc6 Ke8 79. Ne7 Kf8 80. Nd5 Kg7 81. Ke7 Kh7 82. f6 Kh8 83. Kf8 Kh7 84. Kf7 Kh6 85. Ke7 Kg5 86. Ke8 Kg6 87. f7 Kg7 88. f8=Q+ Kh7 89. Bf5# 1-0

[Event "January 9 Early 2024"]
[Site "https://www.chess.com"]
[Date "2024.01.11"]
[Round "7"]
[White "Bogaudinov, Rushan"]
[Black "Cori T., Deysi"]
[Result "1/2-1/2"]
[Board "256"]
[TimeControl "180+1"]
[WhiteFideId "4129288"]
[BlackFideId "3801934"]
[WhiteElo "2386"]
[BlackElo "2558"]
[WhiteTeam "RUS"]
[BlackTeam "PER"]
[WhiteClock "0:00:11"]
[BlackClock "0:00:08"]

1. d4 Nf6 2. c3 g6 3. g3 Bg7 4. Bg2 O-O 5. e4 d6 6. Nd2 e5 7. Ne2 c5 8. O-O cxd4 9. cxd4 Nc6 10. d5 Ne7 11. Nc4 Bg4 12. f3 b5 13. Nxd6 Qxd6 14. fxg4 Qb6+ 15. Kh1 Nxg4 16. Qd3 Nf2+ 17. Rxf2 Qxf2 18. Be3 Qf6 19. Bc5 Rfe8 20. Rf1 Qa6 21. Nc3 Qc8 22. b4 a6 23. d6 Qd7 24. Qf3 Nc8 25. Nd5 Nxd6 26. Nb6 Qc6 27. Nxa8 Rxa8 28. Bxd6 Qxd6 29. Qxf7+ Kh8 30. Qd5 Rd8 31. Rd1 Qxd5 32. exd5 Bf8 33. a3 Kg7 34. Rc1 h5 35. h4 Be7 36. Be4 g5 37. hxg5 Bxg5 38. Rc7+ Kf8 39. Rc6 Be7 40. Rxa6 Rd6 41. Ra7 h4 42. g4 h3 43. Kh2 Rf6 44. Bf5 Rd6 45. Be6 e4 46. Kxh3 e3 47. Kg2 Rd8 48. Kf3 Bg5 49. Rf7+ Ke8 50. Rf5 Be7 51. Kxe3 Ra8 52. Ke4 Rxa3 53. Rf3 Rxf3 54. Kxf3 Bxb4 55. g5 Kf8 56. Ke4 Bd6 57. Kf5 Kg7 58. Bd7 b4 59. Ba4 Kf7 60. Bb3 Be7 61. Bc4 Kg7 62. Ke6 Bxg5 63. d6 Bd8 64. Kd5 Kf6 65. Kc6 Ke5 66. Kd7 Bf6 67. Kc6 Bh4 68. Bb3 Bg5 69. d7 Bh4 70. Kb5 Be7 71. Kc6 Bd8 72. Kb7 Kd6 73. Kc8 Be7 74. d8=Q+ Bxd8 75. Kxd8 Kc5 76. Be6 Kd4 77. Bf7 Kc3 78. Bg8 Kc2 79. Kd7 Kc3 80. Kc6 Kd4 81. Kb5 Kc3 82. Bf7 b3 83. Bxb3 1/2-1/2

[Event "January 9 Early 2024"]
[Site "https://www.chess.com"]
[Date "2024.01.11"]
[Round "7"]
[White "Pandey Srishti"]
[Black "Essing, Arnold"]
[Result "1/2-1/2"]
[Board "257"]
[TimeControl "180+1"]
[WhiteFideId "35093290"]
[BlackFideId "4619862"]
[WhiteElo "2452"]
[BlackElo "2268"]
[WhiteTeam "IND"]
[BlackTeam "GER"]
[WhiteClock "0:00:35"]
[BlackClock "0:00:02"]

1. e4 Nf6 2. e5 Nd5 3. c4 Nb6 4. d4 d6 5. f4 dxe5 6. fxe5 c5 7. d5 e6 8. Nc3 exd5 9. cxd5 Qh4+ 10. g3 Qd4 11. Nf3 Qxd1+ 12. Kxd1 Bg4 13. Be2 Na6 14. h3 Bxf3 15. Bxf3 Nb4 16. a3 N4xd5 17. Nxd5 Nxd5 18. Kc2 O-O-O 19. Rd1 Nb6 20. Bxb7+ Kc7 21. Rxd8 Kxd8 22. Be3 Nc4 23. Bf4 Nb6 24. Rd1+ Kc7 25. Ba6 Be7 26. e6+ Kc6 27. exf7 Rf8 28. Bd3 Rxf7 29. Bxh7 g5 30. Be4+ Kb5 31. Be3 Bf6 32. b3 Bd4 33. a4+ Ka6 34. Bxd4 cxd4 35. Rxd4 Rf2+ 36. Kc3 Rh2 37. h4 gxh4 38. gxh4 Rh3+ 39. Bd3+ Kb7 40. a5 Nc8 41. Rd7+ Kc6 42. Rh7 Nd6 43. Kd4 a6 44. b4 Nb5+ 45. Bxb5+ Kxb5 46. Rb7+ Ka4 47. Kc5 Rxh4 48. Rb6 Rh5+ 49. Kd4 Rh4+ 50. Kc3 Rh3+ 51. Kd2 Rb3 52. Rxa6 Rxb4 53. Ra8 Rb5 54. a6 Ka5 55. a7 Rb7 56. Kc3 Ka6 57. Kc4 Rxa7 58. Rg8 Rb7 59. Kc5 Rb5+ 60. Kc6 Rb6+ 61. Kd5 Rb5+ 62. Kc4 Rb6 63. Rg7 Rb7 64. Rg1 Rb6 65. Ra1+ Kb7 66. Kc5 Rc6+ 67. Kd5 Rb6 68. Ra2 Rb5+ 69. Kd6 Rb6+ 70. Kd7 Rb5 71. Rc2 Rd5+ 72. Ke6 Rd1 73. Rc3 Kb6 74. Rc8 Kb7 75. Rc2 Kb6 76. Rf2 Kb7 77. Rb2+ Kc6 78. Rc2+ Kb5 79. Re2 Kc4 80. Kf5 Kb5 81. Re6 Kc5 82. Kf6 Rd6 83. Ke7 Rxe6+ 84. Kxe6 1/2-1/2

[Event "January 9 Early 2024"]
[Site "https://www.chess.com"]
[Date "2024.01.11"]
[Round "7"]
[White "Papasimakopoulos, Alexandros"]
[Black "Molina, Roberto Junio Brito"]
[Result "0-1"]
[Board "258"]
[TimeControl "180+1"]
[WhiteFideId "4244125"]
[BlackFideId "2109450"]
[WhiteElo "2651"]
[BlackElo "2806"]
[WhiteTeam "GRE"]
[BlackTeam "BRA"]
[WhiteClock "0:00:15"]
[BlackClock "0:00:09"]

1. d4 d5 2. c4 c6 3. cxd5 cxd5 4. Bf4 Qb6 5. Qd2 Nc6 6. e3 Nf6 7. Nc3 e6 8. Bd3 Bd7 9. Nge2 Be7 10. h3 O-O 11. O-O Rfc8 12. Rfc1 Qd8 13. Nb5 Be8 14. Bh2 a6 15. Nbc3 b5 16. Nf4 Bd6 17. Be2 Na5 18. b3 Ba3 19. Rc2 Nc6 20. Nd3 Qa5 21. Nb1 Qxd2 22. Rxd2 Be7 23. Rc2 Nxd4 24. Rxc8 Nxe2+ 25. Kf1 Rxc8 26. Kxe2 Ne4 27. Kd1 b4 28. a4 bxa3 29. Nxa3 Bxa3 30. Rxa3 Bb5 31. f3 Bxd3 32. fxe4 dxe4 33. h4 h5 34. Bf4 Kh7 35. Ra5 Bb5 36. Ra1 Kg6 37. Rc1 Rd8+ 38. Ke1 Rd3 39. b4 f6 40. Rd1 Rb3 41. Bd6 Rxe3+ 42. Kf2 Re2+ 43. Kg3 Rc2 44. Bc5 e5 45. Rd8 Kf5 46. Rg8 g6 47. Rf8 e3 48. Bxe3 Bc6 49. Bg5 Rxg2+ 50. Kh3 Rxg5 51. hxg5 Kxg5 52. Rc8 Bb5 53. Rc5 Kf4 54. Kg2 g5 55. Rc2 g4 56. Rf2+ Kg5 57. Rd2 f5 58. Rd8 h4 59. Rg8+ Kf4 60. Rh8 Bc6+ 61. Kh2 g3+ 62. Kh3 Kf3 63. Rd8 g2 64. Kh2 Kf2 65. Rd2+ Ke3 66. Rc2 Be4 67. Ra2 f4 68. Ra3+ Kf2 69. Ra2+ Kf1 70. Ra1+ Ke2 71. Ra2+ Ke3 72. Ra3+ Bd3 73. Kxg2 e4 74. Ra2 f3+ 75. Kg1 h3 76. Rh2 Kd4 77. Rxh3 Kc3 78. Kf2 Kxb4 79. Ke3 a5 80. Rh8 a4 81. Rb8+ Kc3 82. Ra8 Kb3 83. Rb8+ Ka2 84. Rf8 a3 85. Kd2 Kb3 86. Rb8+ Ka4 87. Rf8 a2 88. Ra8+ Kb3 89. Rb8+ Kc4 90. Rc8+ Kd5 91. Rd8+ Ke6 92. Ra8 f2 93. Ra6+ Bxa6 0-1

[Event "January 9 Early 2024"]
[Site "https://www.chess.com"]
[Date "2024.01.11"]
[Round "7"]
[White "Zemlyanskii, Ivan"]
[Black "Hayrapetyan, Hovik"]
[Result "1/2-1/2"]
[Board "259"]
[TimeControl "180+1"]
[WhiteFideId "24249971"]
[BlackFideId "13302639"]
[WhiteElo "2986"]
[BlackElo "2814"]
[WhiteTeam "RUS"]
[BlackTeam "ARM"]
[WhiteClock "0:00:02"]
[BlackClock "0:00:04"]

1. d4 Nf6 2. c4 e6 3. Bf4 b6 4. Nc3 Bb7 5. e3 Bb4 6. Ne2 O-O 7. a3 Be7 8. d5 d6 9. e4 e5 10. Bd2 a5 11. Ng3 Na6 12. Bd3 Nc5 13. Bc2 Ba6 14. b3 Ne8 15. O-O Bg5 16. Nge2 Bxd2 17. Qxd2 g6 18. b4 axb4 19. axb4 Nd7 20. Bd3 Ng7 21. Ra3 Bb7 22. Rfa1 Rxa3 23. Rxa3 f5 24. Ra7 Qb8 25. Qa2 f4 26. f3 g5 27. h3 h5 28. Nb5 Kh7 29. Nec3 Kg6 30. Be2 Ne8 31. Qa4 Nef6 32. Kf2 g4 33. hxg4 hxg4 34. fxg4 Rh8 35. Qa1 Kg5 36. Bf3 Rh2 37. Qg1 Rh7 38. Qc1 Nxg4+ 39. Bxg4 Kxg4 40. Ne2 Nf6 41. Qc2 Kg5 42. Qd3 Ng4+ 43. Ke1 Rh1+ 44. Kd2 Rd1+ 45. Kxd1 Nf2+ 46. Kc2 Nxd3 47. Kxd3 c6 48. dxc6 Bxc6 49. Nec3 Bxb5 50. Nxb5 Kf6 51. Rd7 Qg8 52. Rxd6+ Ke7 53. Rxb6 Qg3+ 54. Kc2 Qxg2+ 55. Kb3 f3 56. Rb7+ Kf8 57. Nd6 f2 58. Rf7+ Kg8 59. c5 f1=Q 60. Rxf1 Qxf1 61. b5 Kf8 62. Kb4 Ke7 63. Ka5 Kd7 64. Kb6 Qb1 65. Nc4 Qxe4 66. c6+ Ke7 67. Na5 Qd4+ 68. Ka6 Qc5 69. Nb7 Qa3+ 70. Kb6 Qe3+ 71. Kc7 e4 72. b6 Qf4+ 73. Kc8 e3 74. c7 e2 75. Nc5 e1=Q 76. Kb7 Qee5 77. Na6 Qd5+ 78. Ka7 Qfd6 79. c8=Q Qd7+ 80. Qxd7+ Qxd7+ 81. b7 Kd6 82. Kb6 Qc6+ 83. Ka7 Qd7 84. Ka8 Qc6 85. Ka7 Qd7 1/2-1/2

[Event "January 9 Early 2024"]
[Site "https://www.chess.com"]
[Date "2024.01.11"]
[Round "7"]
[White "Diaz, Fernando"]
[Black "Alinasab, Mobina"]
[Result "1/2-1/2"]
[Board "260"]
[TimeControl "180+1"]
[WhiteFideId "3701255"]
[BlackFideId "12528897"]
[WhiteElo "2306"]
[BlackElo "2524"]
[WhiteTeam "PAR"]
[BlackTeam "IRI"]
[WhiteClock "0:00:06"]
[BlackClock "0:00:11"]

1. e4 c5 2. d4 cxd4 3. c3 dxc3 4. Nxc3 d6 5. Bc4 Nc6 6. Nf3 Nf6 7. e5 dxe5 8. Qxd8+ Kxd8 9. Ng5 Kc7 10. Nxf7 Rg8 11. Be3 e6 12. Ng5 Bb4 13. Rc1 Re8 14. O-O h6 15. Nge4 Nxe4 16. Nxe4 Bd7 17. a3 Be7 18. b4 a6 19. Rfd1 b5 20. Bb3 Red8 21. Bc5 Bxc5 22. Nxc5 Bc8 23. Bxe6 Rxd1+ 24. Rxd1 Nd4 25. Bd5 Rb8 26. Ne4 Rb6 27. Rc1+ Kd8 28. Kf1 Be6 29. Bxe6 Nxe6 30. Rd1+ Ke7 31. Rd5 Rc6 32. Rxe5 Kf7 33. Nc5 Nd4 34. Rd5 Nc2 35. Rd7+ Ke8 36. Rd2 Nxa3 37. Ra2 Nc4 38. Rxa6 Rxa6 39. Nxa6 Kd7 40. Ke2 Kc6 41. Kd3 Nb2+ 42. Kc3 Nd1+ 43. Kd4 Nxf2 44. Ke5 Nd3+ 45. Ke4 Ne1 46. g4 Nc2 47. h4 Kb6 48. Nc5 Nxb4 49. Nb3 Nc6 50. Kf5 Ne7+ 51. Ke6 Ng6 52. h5 Nf4+ 53. Kf5 Nd5 54. Kg6 Nf6 55. Kxg7 Nxg4 56. Kg6 Kc6 57. Kf5 Ne3+ 58. Kg6 Ng4 59. Kf5 Ne3+ 60. Kg6 Kd5 61. Kxh6 Kc4 62. Nd2+ Kd3 63. Nb3 Kc3 64. Na5 Kb4 65. Nc6+ Kc5 66. Na5 Kb6 67. Nb3 Kc6 68. Kg5 Nc4 69. h6 Ne5 70. Kf6 Nd7+ 71. Kf7 Ne5+ 72. Kf6 Ng4+ 73. Kg5 Nxh6 74. Kxh6 Kd5 75. Kg5 Kc4 76. Na5+ Kb4 77. Nc6+ Kc3 78. Kf5 Kc4 79. Na5+ Kc5 80. Nb3+ Kc4 81. Na5+ Kc3 82. Ke5 b4 83. Kd5 b3 84. Nxb3 1/2-1/2

[Event "January 9 Early 2024"]
[Site "https://www.chess.com"]
[Date "2024.01.11"]
[Round "7"]
[White "Samarth J Rao"]
[Black "Carrillo Marval, Maria Angelica"]
[Result "0-1"]
[Board "261"]
[TimeControl "180+1"]
[WhiteFideId "46652370"]
[BlackFideId "3911853"]
[WhiteElo "1895"]
[BlackElo "2096"]
[WhiteTeam "IND"]
[BlackTeam "PAN"]
[WhiteClock "0:00:09"]
[BlackClock "0:00:09"]

1. e4 c5 2. Nc3 Nc6 3. g3 Nf6 4. Bg2 d6 5. Nge2 g6 6. O-O Bg7 7. d3 O-O 8. h3 a6 9. Kh2 Bd7 10. g4 b5 11. Ng3 b4 12. Nce2 Rc8 13. f4 a5 14. f5 e6 15. g5 Ne8 16. f6 Nxf6 17. gxf6 Bxf6 18. Nf4 Ne5 19. c3 Nc6 20. Kh1 bxc3 21. bxc3 Bxc3 22. Rb1 Be5 23. Qg4 Nb4 24. a3 Nc2 25. Bb2 Bxb2 26. Rxb2 Ne3 27. Qf3 Nxf1 28. Bxf1 Rb8 29. Rg2 Qh4 30. Rf2 Rb1 31. Kh2 Rfb8 32. Ng2 Qe7 33. Ne3 R1b2 34. Ne2 Bc6 35. Ng4 f5 36. Ne3 fxe4 37. dxe4 Rf8 38. Qg3 Rxf2+ 39. Qxf2 Bxe4 40. Qf4 d5 41. Ng4 Bf5 42. Nh6+ Kg7 43. Qe5+ Kxh6 44. Qxb2 Qd6+ 45. Kg2 Be4+ 46. Kg1 d4 47. Qc1+ Kg7 48. Qf4 Qxf4 49. Nxf4 Kf6 50. Kf2 Ke5 51. Nd3+ Bxd3 52. Bxd3 Kd5 53. Ba6 c4 54. Bb7+ Kc5 55. Ke2 e5 56. Kd2 Kb6 57. Bd5 Kc5 58. Bg8 h6 59. h4 g5 60. hxg5 hxg5 61. Be6 Kd6 62. Bf5 Kc5 63. Kc2 Kd5 64. Bg6 d3+ 65. Kc3 e4 66. Bf7+ Ke5 67. Bxc4 g4 68. Kd2 Kf4 69. Ke1 Ke3 70. Bb3 g3 71. Kf1 Kf3 72. Bd1+ Ke3 73. Kg2 Kd2 74. Ba4 e3 75. Kxg3 e2 76. Kf4 e1=Q 77. Bb5 Qe3+ 78. Kf5 Qc5+ 0-1

[Event "January 9 Early 2024"]
[Site "https://www.chess.com"]
[Date "2024.01.11"]
[Round "7"]
[White "Rajdeep Sarkar"]
[Black "Trost, Edvin"]
[Result "0-1"]
[Board "262"]
[TimeControl "180+1"]
[WhiteFideId "25007963"]
[BlackFideId "1729519"]
[WhiteElo "2426"]
[BlackElo "2625"]
[WhiteTeam "IND"]
[BlackTeam "SWE"]
[WhiteClock "0:00:44"]
[BlackClock "0:01:23"]

1. Nf3 Nf6 2. g3 b6 3. Bg2 Bb7 4. O-O g6 5. b3 Bg7 6. Bb2 O-O 7. c4 e6 8. d4 Na6 9. d5 exd5 10. Nh4 Ne4 11. Bxg7 Kxg7 12. cxd5 Qf6 13. Na3 Nc3 14. Qd2 Rfe8 15. e3 Nb4 16. d6 Bxg2 17. Nxg2 c5 18. Rfc1 Ne4 19. Qe2 Nxd6 20. Rd1 Ne4 21. Re1 d5 22. Nc2 Nc3 23. Qd2 Ne4 24. Qe2 Qxf2+ 25. Qxf2 Nxf2 26. Nxb4 Nh3+ 27. Kf1 cxb4 28. Rad1 Re5 29. Nf4 Nxf4 30. gxf4 Rh5 31. Kg2 Rc8 32. Re2 Rc3 33. Rd4 a5 34. Rdd2 Kf6 35. Rd4 Ke6 36. h3 Kd6 37. Kg3 Kc5 38. Kg4 Rf5 39. Rdd2 Rf6 40. e4 d4 41. e5 Re6 42. f5 gxf5+ 43. Kxf5 Rh6 44. Re4 d3 45. Rf4 Rxh3 46. Ke4 Rc2 47. Rxf7 Rxd2 48. Rd7 Re2+ 49. Kf5 d2 50. Ke6 Rh1 51. Ke7 d1=Q 52. Rc7+ Kd5 53. Kf6 Rf2+ 54. Kg7 Kxe5 55. Kh8 Qd8+ 56. Kg7 Qxc7+ 57. Kh8 Qc3 58. Kg7 Qb2 59. Kh8 Qxa2 60. Kg7 Qxb3 61. Kh8 h5 62. Kg7 h4 63. Kh8 h3 64. Kg7 h2 65. Kh8 Rb2 66. Kg7 Rhb1 67. Kh8 Qa3 68. Kg7 Qa4 69. Kg8 Qb5 70. Kg7 Qc5 71. Kg8 Qc4+ 72. Kg7 Qc3 73. Kf8 Qc2 74. Kg7 Kd4 75. Kf8 Kc3 76. Kg7 Ra2 77. Kf8 Rba1 78. Ke8 Qb2 79. Kd8 Kb3 80. Kc8 Qb1 81. Kb8 Kb2 82. Ka8 a4 83. Ka7 b3 84. Ka6 a3 85. Ka7 b5 86. Kb7 b4 87. Ka7 Kc2 88. Kb6 b2 89. Ka7 b3 90. Ka8 h1=N 91. Ka7 Nf2 92. Ka8 Nd3 93. Kb7 Nc1 94. Ka7 Kd2 95. Ka6 Qc2 96. Ka5 b1=N 97. Ka4 Rb2 98. Ka5 Nc3 99. Ka6 Nd3 100. Ka7 Rbb1 101. Ka8 Rc1 102. Ka7 Rd1 103. Ka8 Rab1 104. Ka7 Rbc1 105. Ka8 b2 106. Ka7 b1=N 107. Ka8 a2 108. Ka7 a1=N 109. Ka8 Nb3 110. Ka7 Rh1 111. Ka8 Nf2 112. Ka7 Nh3 113. Ka8 Ng1 114. Kb7 Ke1 115. Ka8 Qd1 116. Ka7 N1d2 117. Ka8 Ra1+ 118. Kb7 Ncb1 119. Kb8 Nf1 120. Kb7 Nc1 121. Kb6 0-1

[Event "January 9 Early 2024"]
[Site "https://www.chess.com"]
[Date "2024.01.11"]
[Round "7"]
[White "Svane, Frederik"]
[Black "Bartel, Mateusz"]
[Result "1/2-1/2"]
[Board "263"]
[TimeControl "180+1"]
[WhiteFideId "12923044"]
[BlackFideId "1112635"]
[WhiteElo "2991"]
[BlackElo "2830"]
[WhiteTeam "GER"]
[BlackTeam "POL"]
[WhiteClock "0:00:16"]
[BlackClock "0:00:15"]

1. e4 e5 2. Nf3 d6 3. d4 exd4 4. Nxd4 Nf6 5. Nc3 Be7 6. g3 O-O 7. Bg2 Bg4 8. Nde2 Qc8 9. h3 Bd7 10. Nf4 Re8 11. O-O Bf8 12. Kh2 Na6 13. b3 Nc5 14. Qd4 c6 15. Bb2 Qc7 16. Rad1 Rad8 17. Rfe1 Bc8 18. a4 a5 19. Nb1 Ne6 20. Nxe6 fxe6 21. e5 dxe5 22. Qxe5 Qxe5 23. Bxe5 Bc5 24. Kg1 Nd5 25. Nd2 Nb4 26. Ne4 Be7 27. Bc7 Rxd1 28. Rxd1 Nxc2 29. Bxa5 e5 30. Nd6 Bxd6 31. Rxd6 Nd4 32. b4 Kf7 33. Bb6 Nf5 34. Rd2 Be6 35. Be4 Ne7 36. h4 Bd5 37. f3 h6 38. Kf2 Ke6 39. Ke3 Nf5+ 40. Kf2 Nd6 41. Bd3 Rf8 42. Bc5 Rxf3+ 43. Ke2 Rxg3 44. a5 Rg2+ 45. Ke3 Nf5+ 46. Bxf5+ Kxf5 47. Rxg2 Bxg2 48. Bf8 Kf6 49. Kf2 Bd5 50. Ke3 Kf7 51. Bd6 Ke6 52. Bf8 Kf6 53. Kf2 h5 54. Bd6 Ke6 55. Bf8 Kf7 56. Bd6 Kf6 57. Kg3 Bc4 58. Bc7 Bd3 59. Bd6 Ke6 60. Bf8 Kf6 61. Bd6 Be4 62. Bc7 Bd5 63. Bd6 Be6 64. Bc7 Bg4 65. Bd6 g6 66. Bc7 Ke6 67. Bb6 Kd5 68. Bc5 Kc4 69. Kf2 Kd3 70. Be3 Kc3 71. Bc5 Kd2 72. Be3+ Kd3 73. Bc5 Bf5 74. Bd6 e4 75. Bc5 Bg4 76. Be3 Kc4 77. Bc5 Kd5 78. Ke3 Ke5 79. Be7 Be6 80. Bg5 Bc4 81. Be7 Bd3 82. Bg5 Kd6 83. Kd4 Bc2 84. Be3 Ke6 85. Bg5 Bd3 86. Bd8 Kf5 87. Bg5 Kg4 88. Ke3 Kg3 89. Bf6 Kg2 90. Bg5 Kf1 91. Bf6 Ke1 92. Bg5 Kd1 93. Bf6 Kc2 94. Bg5 Kb3 95. Be7 Ka4 96. Bc5 Kb5 97. Be7 b6 98. axb6 Kxb6 99. Bc5+ Kb5 100. Be7 Kc4 101. Bc5 Kd5 102. Be7 Ke5 103. Bg5 Kf5 104. Be7 Ke6 105. Bg5 Kf5 106. Be7 Ke6 107. Bg5 Kd5 108. Be7 Ke5 109. Bg5 Kf5 1/2-1/2

[Event "January 9 Early 2024"]
[Site "https://www.chess.com"]
[Date "2024.01.11"]
[Round "7"]
[White "Domingo Nunez, Alejandro"]
[Black "Martinez Pla, Xavier"]
[Result "1-0"]
[Board "264"]
[TimeControl "180+1"]
[WhiteFideId "22245561"]
[BlackFideId "32074271"]
[WhiteElo "2685"]
[BlackElo "2459"]
[WhiteTeam "ESP"]
[BlackTeam "ESP"]
[WhiteClock "0:00:09"]
[BlackClock "0:00:07"]

1. Nf3 Nf6 2. g3 b6 3. Bg2 Bb7 4. O-O e6 5. b3 Be7 6. Bb2 O-O 7. c4 c5 8. d4 cxd4 9. Qxd4 d6 10. Qd2 Nbd7 11. Nc3 a6 12. Rad1 Qc7 13. Rfe1 Rac8 14. e4 Rfd8 15. h3 h5 16. Qe3 Qb8 17. Nd4 Ba8 18. Kh2 Ne5 19. Kh1 Ng6 20. f4 Bf8 21. f5 exf5 22. Nxf5 h4 23. gxh4 Re8 24. Nd5 Nxd5 25. cxd5 Rc2 26. Rd2 Rxd2 27. Qxd2 Qd8 28. h5 Ne5 29. Rf1 Bb7 30. Qe3 Bc8 31. Qg3 Bxf5 32. Rxf5 Qc7 33. Rf2 b5 34. Kh2 a5 35. Qe3 a4 36. Qg3 axb3 37. axb3 Qa7 38. h6 g6 39. Qh4 Kh7 40. Qf6 Bxh6 41. Bxe5 Rxe5 42. Qxf7+ Qxf7 43. Rxf7+ Kg8 44. Rb7 Bf4+ 45. Kg1 Rg5 46. Kf2 Rg3 47. Rxb5 Be5 48. Rb7 Rc3 49. Bf3 Rc2+ 50. Ke3 Rc3+ 51. Ke2 Rc2+ 52. Kd3 Rc3+ 53. Ke2 Rc2+ 54. Kf1 Rh2 55. Bg2 g5 56. b4 g4 57. hxg4 Rh4 58. b5 Rxg4 59. b6 Rf4+ 60. Ke2 Bd4 61. Bf3 Rf8 62. Rd7 Bxb6 63. Rxd6 Bd4 64. Re6 Kg7 65. Bg4 Rf4 66. Bf5 Bf6 67. Ke3 Rf1 68. d6 Bg5+ 69. Kd4 Rd1+ 70. Ke5 Kf7 71. Bg6+ Kg7 72. Bf5 Kf7 73. Rg6 Bh4 74. d7 Rd2 75. Kf4 Bd8 76. Kg4 Rd4 77. Kf4 Bc7+ 78. Kf3 Bd8 79. Ke2 Rb4 80. Rc6 Rd4 81. Rc8 Ke7 82. Ke3 Rd6 83. Kf4 Rd2 84. Rc6 Rd6 85. Rc5 Rd1 86. Re5+ Kd6 87. Re8 Kc7 88. Ke5 Re1 89. Ke6 Re2 90. Rh8 Re1 91. Rh3 Rc1 92. Ra3 Kb6 93. Rb3+ Kc7 94. Rb5 Rc6+ 95. Ke5 Rh6 96. Rc5+ Kb7 97. Rc8 Bc7+ 98. Kd5 Rd6+ 99. Kc4 Rd1 100. Kc3 Rc1+ 101. Kd3 Rd1+ 102. Ke2 Rd6 103. Kf3 Kc6 104. Kg4 Rd4 105. Kg5 Kd6 106. d8=Q+ Bxd8+ 107. Rxd8+ Ke5 108. Rxd4 Kxd4 109. Kf6 1-0

[Event "January 9 Early 2024"]
[Site "https://www.chess.com"]
[Date "2024.01.11"]
[Round "7"]
[White "Starozhilov, Leonid"]
[Black "Drygalov, Sergey"]
[Result "0-1"]
[Board "265"]
[TimeControl "180+1"]
[WhiteFideId "14106752"]
[BlackFideId "24171743"]
[WhiteElo "2775"]
[BlackElo "2948"]
[WhiteTeam "UKR"]
[BlackTeam "RUS"]
[WhiteClock "0:00:05"]
[BlackClock "0:00:04"]

1. e4 c5 2. Nf3 d6 3. Bb5+ Nd7 4. O-O a6 5. Bxd7+ Bxd7 6. Re1 e6 7. c4 Nf6 8. Nc3 Be7 9. d4 cxd4 10. Qxd4 Rc8 11. b3 b5 12. cxb5 axb5 13. Bb2 e5 14. Qd3 Qb6 15. a4 bxa4 16. Nxa4 Qb7 17. Ba3 Bb5 18. Qe3 O-O 19. h3 h6 20. Rad1 Rfd8 21. Nh4 Bf8 22. Nf5 Qa6 23. Qf3 Nh7 24. Qg3 g6 25. Bc1 h5 26. Ne3 Nf6 27. Qf3 Be7 28. Nd5 Nxd5 29. Rxd5 Bxa4 30. bxa4 Qxa4 31. Bh6 Rc4 32. g4 hxg4 33. hxg4 Rd4 34. Rxd4 Qxd4 35. Rd1 Qc4 36. Kg2 Rb8 37. g5 Rb2 38. Re1 d5 39. exd5 Bc5 40. Rxe5 Rxf2+ 41. Qxf2 Bxf2 42. Kxf2 Qd4+ 43. Re3 Qxd5 44. Kg3 Qd6+ 45. Kf3 Qd4 46. Re4 Qd3+ 47. Kf4 Qf1+ 48. Ke3 Qf5 49. Rf4 Qe5+ 50. Kf3 Qd5+ 51. Kg3 Qh1 52. Rf6 Qg1+ 53. Kf3 Qc1 54. Kg3 Qe1+ 55. Kf3 Qe5 56. Kg2 Qe4+ 57. Kf2 Qg4 58. Kf1 Qd1+ 59. Kf2 Qd3 60. Kg2 Qe3 61. Kf1 Qd2 62. Kg1 Qe2 63. Kh1 Qg4 64. Kh2 Qd4 65. Kg3 Qe4 66. Kf2 Qd3 67. Kg2 Qe3 68. Kh2 Qe1 69. Kg2 Qd1 70. Kg3 Qg1+ 71. Kf4 Qg2 72. Ke3 Qg4 73. Kf2 Qh3 74. Ke2 Qg3 75. Kf1 Qh2 76. Ke1 Qg2 77. Kd1 Qe4 78. Kd2 Qe5 79. Kd3 Qe1 80. Kd4 Qe2 81. Kd5 Qe3 82. Kd6 Qe4 83. Kd7 Qe5 84. Kd8 Qd5+ 85. Kc7 Qb5 86. Kd6 Qa5 87. Kc6 Qe5 88. Kd7 Qc5 89. Kd8 Qa7 90. Kc8 Qe7 91. Kb8 Qd7 92. Rb6 f5 93. gxf6 Qd5 94. f7+ Kxf7 95. Ka7 g5 96. Rb7+ Kg6 97. Rb6+ Kh5 98. Bf8 g4 99. Bd6 Qa2+ 100. Kb7 g3 101. Kc6 g2 102. Bc5 Qc2 103. Rb5 g1=Q 104. Kb6 Qgg6+ 105. Ka5 Kg4 106. Bb4 Kf3 107. Rb6 Qxb6+ 108. Kxb6 Ke4 0-1